 Dungeon Crawl Stone Soup version 0.26.1-11-gd32895ea62 (webtiles) character file.

Game seed: 11144593504351661321

70 kodamatunes15 the Ruffian (level 4, -3/37 HPs)
             Began as a Ghoul Gladiator on May 4, 2021.
             Slain by a water moccasin (7 damage)
             ... on level 2 of the Dungeon on May 5, 2021.
             The game lasted 00:09:20 (1208 turns).

kodamatunes15 the Ruffian (Ghoul Gladiator)         Turns: 1208, Time: 00:09:20

Health: -3/37      AC: 13    Str: 17    XL:     4   Next: 21%
Magic:  3/3        EV:  7    Int:  4    God:
Gold:   34         SH:  0    Dex: 10    Spells: 3/3 levels left

rFire    . . .     SeeInvis .   n - +0 short sword
rCold    + . .     Faith    .   (no shield)
rNeg     + + +     Spirit   .   d - +0 chain mail
rPois    ∞         Reflect  .   b - +0 helmet
rElec    .         Harm     .   (no cloak)
rCorr    .         Rampage  .   (no gloves)
Will     +....                  (no boots)
Stlth    ..........             (no amulet)
HPRegen  0.00/turn              e - +4 ring of protection
MPRegen  0.08/turn              h - ring of willpower

@: no status effects
A: claws 1, cold resistance 1, negative energy resistance 3, inhibited
regeneration, torment resistance, unbreathing
a: no special abilities


You were on level 2 of the Dungeon.
You visited 1 branch of the dungeon, and saw 2 of its levels.

You collected 34 gold pieces.

Inventory:

Hand Weapons
 n - a +0 short sword (weapon)
Missiles
 c - 3 throwing nets (quivered)
 f - 20 poisoned darts
 g - 120 stones
 j - 49 arrows
Armour
 b - a +0 helmet (worn)
 d - a +0 chain mail (worn)
Jewellery
 e - a +4 ring of protection (left claw)
 h - a ring of willpower (right claw)
Potions
 a - a potion of haste {unknown}
 i - a potion of degeneration
 k - a potion of magic
 l - a potion of experience {unknown}
 m - 2 potions of heal wounds {unknown}
 o - a potion of curing {unknown}


   Skills:
 + Level 2.6 Fighting
 + Level 2.0 Throwing
 + Level 0.9 Armour
 + Level 3.3 Dodging
 + Level 4.1 Unarmed Combat


You had 3 spell levels left.
You didn't know any spells.
Your spell library was empty.

Dungeon Overview and Level Annotations

Branches:
Dungeon (2/15)

Altars:


Innate Abilities, Weirdness & Mutations

You thrive by killing the living.
You are immune to poison.
You have sharp fingernails.
Your flesh is cold resistant. (rC+)
You are immune to negative energy. (rN+++)
You do not regenerate when monsters are visible.
You are immune to unholy pain and torment.
You can survive without breathing.


Message History

You hit the water moccasin but do no damage.
The water moccasin is lightly wounded.
The rat bites you but does no damage. The water moccasin barely misses you.
The kobold hits you but does no damage. The rat barely misses you.
You closely miss the water moccasin.
The water moccasin is lightly wounded.
The water moccasin bites you.
* * * LOW HITPOINT WARNING * * *
The kobold hits you but does no damage. The water moccasin barely misses you.
The rat bites you but does no damage. The kobold barely misses you.
The water moccasin bites you but does no damage.
The water moccasin bites you.
* * * LOW HITPOINT WARNING * * *
You miss the water moccasin.
The water moccasin is lightly wounded.
The water moccasin closely misses you.
Your chain mail prevents you from hitting the water moccasin.
The water moccasin is lightly wounded.
The water moccasin bites you!
You die...

#.# #.# #.# ##.
#####.## #.. #......#
#.# #.####.# #.#
###.####.# #.#
####.5rK....###.##
#..@S##'##....#..##
#.....####r..####.....#
#...# #..#...#..###...#
#.. #..#...#..# ##..# .
. #..#...#.†# +..# ..#
#)†#...#..# ##..#
...###..#...#..###...#
.....##'#$[?#†##.....#
#.....#####....##.##


You could see a water moccasin, a shadow imp, a kobold and a rat.

Vanquished Creatures
  2 adders (D:2)
  3 leopard geckos
  A ball python (D:1)
  3 bats
  2 giant cockroaches (D:1)
  5 goblins (D:1)
  4 hobgoblins
  6 jackals (D:1)
  10 kobolds
  2 frilled lizards (D:1)
  7 rats
45 creatures vanquished.

Notes
Turn   | Place    | Note
-------+----------+-------------------------------------------
     0 | D:1      | kodamatunes15 the Ghoul Gladiator began the quest for the
                  | Orb.
     0 | D:1      | Reached XP level 1. HP: 17/17 MP: 0/0
   191 | D:1      | Reached XP level 2. HP: 14/25 MP: 1/1
   381 | D:1      | Reached XP level 3. HP: 30/30 MP: 2/2
   959 | D:2      | Reached skill level 4 in Unarmed Combat
  1142 | D:2      | Reached XP level 4. HP: 35/37 MP: 3/3
  1184 | D:2      | Noticed a water moccasin
  1208 | D:2      | Slain by a water moccasin

Illustrated notes

Levels and vault maps discovered:
D:1:      co_arrival_random_square_maze, layout_basic, minmay_tiny_reverse_x
D:2:      cheibrodos_pilgrimage, layout_rooms, minivault_4,
          minmay_divided_ellipse

Skill      XL: |  1  2  3 |
---------------+----------+-----
Dodging        | 3 |  3.3
Throwing       | 2 |  2.0
Unarmed Combat | 4 |  4.1
Fighting       | |  2.6
Armour         | |  0.9

Action                   |  1- 3 |  4- 6 || total
-------------------------+-------+-------++-------
Melee: Unarmed           |    70 |       ||    70
       Punch             |     3 |       ||     3
       Short sword       |    93 |    21 ||   114
  Use: Scroll            |     8 |       ||     8
Armor: Leather armour    |    16 |       ||    16
       Chain mail        |    61 |    32 ||    93
       Ring mail         |    11 |       ||    11
Dodge: Dodged            |    71 |    23 ||    94
